 Dungeon Crawl Stone Soup version 0.30-a0-458-g86641cc369 (webtiles) character file.

Game seed: 13522539807353292705

24650 bmack86 the Impaler (level 12, -1/112 HPs)
             Began as a Minotaur Fighter on Dec 15, 2022.
             Was an Initiate of Gozag.
             Slain by a sixfirhy (7 damage)
             ... summoned by an orc high priest
             ... on level 2 of the Orcish Mines.
             The game lasted 00:42:29 (11177 turns).

bmack86 the Impaler (Minotaur Fighter)             Turns: 11177, Time: 00:42:30

Health: -1/112     AC: 27    Str: 31    XL:     12   Next: 82%
Magic:  11/11      EV:  9    Int:  5    God:    Gozag
Gold:   7          SH:  5    Dex: 13    Spells: 11/11 levels left

rFire   . . .      SeeInvis .    i - +3 halberd (venom)
rCold   . . .      Faith    .    (shield currently unavailable)
rNeg    . . .      Spirit   .    q - +4 plate armour
rPois   +          Reflect  +    (helmet restricted)
rElec   .          Harm     .    A - +0 cloak of Leapfrog {Str+3}
rCorr   .          Rampage  .    (no gloves)
Will    .....                    G - +0 pair of boots
Stlth   ..........               j - amulet of reflection
HPRegen 0.38/turn                E - ring "Cikhlyoto" {rPois Str+2 Dex+3}
MPRegen 0.12/turn                o - +4 ring of protection

@: gold aura, bribing [the Orcish Mines]
A: horns 2, retaliatory headbutt
a: Renounce Religion, Potion Petition, Call Merchant, Bribe Branch


You were on level 2 of the Orcish Mines.
You worshipped Gozag.
Gozag was noncommittal.
You visited 2 branches of the dungeon, and saw 12 of its levels.

You collected 3600 gold pieces.
You paid 3593 gold pieces to Gozag.

Inventory:

Hand Weapons
 a - a +0 war axe
 i - a +3 halberd of venom (weapon)
Missiles
 m - 18 boomerangs (quivered)
 J - a throwing net
Armour
 q - a +4 plate armour (worn)
 y - a +1 cloak
 A - the +0 cloak of Leapfrog (worn) {Str+3}
   (You found it on level 10 of the Dungeon)

   Str:       It affects your strength (+3).
 G - a +0 pair of boots (worn)
Jewellery
 f - an amulet of regeneration
 j - an amulet of reflection (around neck)
 n - a ring of see invisible
 o - a +4 ring of protection (right hand)
 r - an amulet of magic regeneration
 D - a ring of fire
 E - the ring "Cikhlyoto" (left hand) {rPois Str+2 Dex+3}
   (You acquired it on level 7 of the Dungeon)

   [ring of poison resistance]

   Str:       It affects your strength (+2).
   Dex:       It affects your dexterity (+3).
   rPois:     It protects you from poison.
 F - an amulet of the acrobat
 P - a ring of flight
Wands
 u - a wand of flame (52)
 C - a wand of digging (5)
 H - a wand of mindburst (27)
 I - a wand of iceblast (6)
 L - a wand of paralysis (13)
 O - a wand of quicksilver (3)
Scrolls
 b - a scroll of enchant weapon
 g - a scroll of torment
 k - a scroll of vulnerability
 s - 4 scrolls of fog
 v - 5 scrolls of teleportation
 w - 2 scrolls of magic mapping
 M - a scroll of fear
 N - a scroll of poison
Potions
 d - a potion of might
 e - 3 potions of mutation
 h - a potion of flight
 l - 5 potions of curing
 t - 2 potions of brilliance {unknown}
 x - 2 potions of magic
 z - 13 potions of degeneration
 B - a potion of attraction {unknown}
 K - a potion of haste {unknown}
Miscellaneous
 c - a piece from Xom's chessboard (15/15)
 p - a tin of tremorstones (2/2)
 Q - a condenser vane


   Skills:
 + Level 11.9 Fighting
 + Level 3.5(11.3) Axes
 + Level 16.4(16.5) Polearms
 + Level 13.5 Armour
 + Level 2.5 Dodging
 + Level 1.9 Stealth
 + Level 9.8 Shields


You had 11 spell levels left.
You didn't know any spells.
Your spell library contained the following spells:

 Spells                   Type           Power      Damage    Failure   Level
 Magic Dart               Conj           0%         1d3       96%         1
 Slow                     Hex            0%         N/A       96%         1
 Sting                    Tmut/Pois      0%         1d3       96%         1
 Call Imp                 Summ           0%         N/A       99%         2
 Poisonous Vapours        Pois/Air       0%         N/A       99%         2
 Confusing Touch          Hex            0%         N/A       100%        3
 Mephitic Cloud           Conj/Pois/Air  0%         N/A       100%        3
 Stone Arrow              Conj/Erth      0%         3d7       100%        3
 Vampiric Draining        Necr           0%         2d6       100%        3
 Vhi's Electric Charge    Tloc/Air       0%         N/A       100%        3
 Animate Armour           Summ/Erth      0%         N/A       100%        4
 Olgreb's Toxic Radiance  Pois           0%         N/A       100%        4
 Arcjolt                  Conj/Air       0%         1d10      100%        5
 Lehudib's Crystal Spear  Conj/Erth      0%         10d2      100%        8
 Maxwell's Capacitive Co  Air            0%         ∞         100%        8


Dungeon Overview and Level Annotations

Branches:
Dungeon (10/15)            Temple (0/1) D:6            Lair (0/5) D:10
    Orc (2/2) D:9             Elf (0/3) Orc:2

Altars:
Cheibriados
Fedhas
Gozag
Hepliaklqana
Kikubaaqudgha
Qazlal
Ru
Sif Muna
The Shining One

Shops:
D:8 (   D:10 ?


Innate Abilities, Weirdness & Mutations

You have a pair of horns on your head.
You reflexively headbutt those who attack you in melee.


Message History

You completely miss the sixfirhy.
The orc priest is no longer distracted by gold.
The chaos spawn closely misses you. You furiously retaliate!
You headbutt the chaos spawn!
The orc wizard casts a spell.
The orc wizard flickers and vanishes!
You block the orc high priest's attack.
You miss the sixfirhy. You headbutt the sixfirhy!
The sixfirhy is moderately wounded.
The red devil barely misses you.
Unknown command.
You barely miss the sixfirhy.
The sixfirhy is moderately wounded.
The orc warrior is no longer distracted by gold.
The sixfirhy hits you.
* * * LOW HITPOINT WARNING * * *
The sixfirhy shocks you!
* * * LOW HITPOINT WARNING * * *
The sixfirhy barely misses you. You furiously retaliate!
You headbutt the sixfirhy.
An orc high priest comes into view. It is wielding a +0 trident.
The orc high priest stares, then turns away, jangling a coin purse.
The chaos spawn closely misses you. You furiously retaliate!
You headbutt the chaos spawn.
Something barely misses the orc high priest.
The orc warrior is distracted by your dazzling golden aura.
The orc high priest hits you but does no damage.
The orc wizard gestures wildly while chanting.
The orc wizard flickers and vanishes!
The red devil barely misses you.
The orc warrior shouts!
You hear a shout!
You barely miss the sixfirhy. Your headbutt misses the sixfirhy.
The sixfirhy is moderately wounded.
You hear a shout! x2
The sixfirhy hits you but does no damage. x3
You block the chaos spawn's attack. The orc high priest closely misses you.
Unknown command.
You closely miss the sixfirhy. Your headbutt misses the sixfirhy.
The sixfirhy is lightly wounded.
The sixfirhy hits you!
You die...
Your body crumbles into a pile of gold.

#.........### #..#... $
.........#.# #....... .
.....####... ...##... ..
..##### #. ###..######
....# ##..###...## ....
#....##...## #....#########
##...###.###
......{o443o.## ##...##'#..
....${{ooo@...###..#......#
###..o######...#...##.....#
..... ##..#....#.....# ....
##.##.#####.... ..# #.####
#..... . #.# ##..... #.#
##.#...) #.#####......)
#.#.##.#......


You could see an orc high priest, a sixfirhy (summoned), a chaos spawn
(summoned), a red devil (summoned), 2 orc warriors, 2 orc priests and an orc
wizard.

Vanquished Creatures
  An orc warlord (Orc:2)
  2 yaktaur captains (D:10)
  2 boulder beetles (D:10)
  A hydra (D:10)
  5 two-headed ogres
  An orc high priest (Orc:2)
  A deep troll (D:10)
  A deep elf archer (D:10)
  An orc knight (Orc:2)
  Pikel (D:4)
  A wizard (D:10)
  An ugly thing (D:10)
  2 orc sorcerers
  An elephant (D:10)
  4 trolls
  2 hornets (D:10)
  A meliai (D:10)
  Grinder (D:4)
  Sigmund (D:6)
  3 shadows (D:10)
  19 yaks
  A vampire (D:9)
  2 basilisks (D:10)
  A steam dragon (D:9)
  Eustachio (D:5)
  A vampire mosquito (D:10)
  4 wargs
  Menkaure (D:6)
  Edmund (D:5)
  An acid dragon (D:10)
  2 water moccasins
  2 black bears
  26 orc warriors
  A swamp drake (D:9)
  An ice beast (D:7)
  8 ogres
  6 centaurs
  5 kobold brigands
  A phantom (D:5)
  A lemure (D:4)
  4 bullfrogs
  4 scorpions
  5 wights
  2 killer bees (D:10)
  6 howler monkeys
  An electric eel (Orc:1)
  13 orc priests
  A jelly (D:5)
  Crazy Yiuf (D:4)
  3 gnoll boudas
  21 orc wizards
  An iguana (D:5)
  22 gnolls
  4 adders
  5 white imps
  An ufetubus (D:7)
  2 worms
  2 dart slugs
  72 orcs
  3 bats (D:1)
  An endoplasm (D:3)
  2 giant cockroaches (D:1)
  9 goblins
  8 hobgoblins
  6 jackals
  24 kobolds
  2 quokkas
  3 training dummies (D:8)
  5 ball pythons
  2 frilled lizards
  4 rats
  A butterfly (D:6)
358 creatures vanquished.

Vanquished Creatures (others)
  An orc priest (Orc:2)
  An orc wizard (D:10)
  3 orcs
  A fungus (D:10)
  26 plants
32 creatures vanquished.

Grand Total: 390 creatures vanquished

Notes
Turn   | Place    | Note
-------+----------+-------------------------------------------
     0 | D:1      | bmack86 the Minotaur Fighter began the quest for the Orb.
     0 | D:1      | Reached XP level 1. HP: 19/19 MP: 0/0
   139 | D:1      | Reached XP level 2. HP: 27/27 MP: 1/1
   460 | D:1      | Reached XP level 3. HP: 33/33 MP: 2/2
  1300 | D:3      | Found a faded altar of an unknown god.
  1599 | D:3      | Reached skill level 1 in Dodging
  1599 | D:3      | Reached XP level 4. HP: 30/41 MP: 3/3
  1954 | D:4      | Noticed Grinder
  1954 | D:4      | Paralysed by Grinder for 5 turns
  1962 | D:4      | Noticed a scorpion
  1964 | D:4      | Paralysed by Grinder for 3 turns
  1970 | D:4      | Killed a scorpion
  1971 | D:4      | Reached skill level 1 in Polearms
  1971 | D:4      | Reached XP level 5. HP: 34/47 MP: 4/4
  1973 | D:4      | Reached skill level 2 in Polearms
  1973 | D:4      | Killed Grinder
  1974 | D:4      | Reached skill level 3 in Polearms
  1974 | D:4      | Reached skill level 5 in Armour
  1974 | D:4      | Reached XP level 6. HP: 39/53 MP: 5/5
  2149 | D:4      | Found an opulent altar of Gozag.
  2154 | D:4      | Found a sacrificial altar of Ru.
  2155 | D:4      | Found a stormy altar of Qazlal.
  2160 | D:4      | Became a worshipper of Gozag Ym Sagoz the Greedy
  2209 | D:4      | Reached skill level 4 in Polearms
  2244 | D:4      | Found a runed translucent door.
  2245 | D:4      | Noticed Crazy Yiuf
  2253 | D:4      | Killed Crazy Yiuf
  2254 | D:4      | Reached skill level 5 in Fighting
  2498 | D:4      | Noticed Pikel
  2508 | D:4      | Killed Pikel
  2509 | D:4      | Reached skill level 6 in Polearms
  2509 | D:4      | Reached skill level 5 in Shields
  2509 | D:4      | Reached XP level 7. HP: 61/61 MP: 6/6
  2727 | D:5      | Entered Level 5 of the Dungeon
  2762 | D:5      | Reached skill level 7 in Polearms
  2762 | D:5      | Reached XP level 8. HP: 69/69 MP: 7/7
  3035 | D:5      | Noticed Edmund
  3038 | D:5      | Noticed Eustachio
  3044 | D:5      | Killed Edmund
  3045 | D:5      | Reached skill level 8 in Polearms
  3062 | D:5      | Killed Eustachio
  3235 | D:5      | Reached skill level 9 in Polearms
  3436 | D:5      | Found a snail-covered altar of Cheibriados.
  3440 | D:5      | Found a blossoming altar of Fedhas.
  3593 | D:6      | Noticed Menkaure
  3610 | D:5      | Reached skill level 1 in Stealth
  3614 | D:5      | Reached XP level 9. HP: 40/75 MP: 8/8
  3734 | D:6      | Killed Menkaure
  4051 | D:6      | Reached skill level 10 in Polearms
  4102 | D:6      | Found a hazy altar of Hepliaklqana.
  4306 | D:6      | Found a staircase to the Ecumenical Temple.
  4318 | D:6      | Noticed Sigmund
  4329 | D:6      | Killed Sigmund
  4849 | D:7      | Identified a scroll of acquirement
  4850 | D:7      | Acquired the ring "Cikhlyoto" {rPois Str+2 Dex+3}
  5384 | D:8      | Found Lyunlonoach's Firing Range.
  5388 | D:8      | Noticed a two-headed ogre
  5399 | D:8      | Killed a two-headed ogre
  5400 | D:8      | Reached skill level 11 in Polearms
  5400 | D:8      | Reached XP level 10. HP: 19/88 MP: 9/9
  5853 | D:8      | Found a glowing golden altar of the Shining One.
  5929 | D:8      | Found an ancient bone altar of Kikubaaqudgha.
  6225 | D:9      | Reached skill level 10 in Armour
  6529 | D:9      | Found a staircase to the Orcish Mines.
  6542 | D:9      | Reached skill level 12 in Polearms
  6740 | D:9      | Noticed a two-headed ogre
  6746 | D:9      | Killed a two-headed ogre
  7092 | D:10     | Entered Level 10 of the Dungeon
  7293 | D:10     | Reached skill level 13 in Polearms
  7293 | D:10     | Reached XP level 11. HP: 97/97 MP: 10/10
  7342 | D:10     | Noticed a purple ugly thing
  7357 | D:10     | Killed a purple ugly thing
  7377 | D:10     | Noticed a yaktaur captain
  7388 | D:10     | Killed a yaktaur captain
  7389 | D:10     | Noticed a deep elf archer
  7433 | D:10     | Killed a deep elf archer
  7473 | D:10     | Identified the +0 cloak of Leapfrog {Str+3}
  7514 | D:10     | Noticed a two-headed ogre
  7519 | D:10     | Killed a two-headed ogre
  7520 | D:10     | Reached skill level 14 in Polearms
  7592 | D:10     | Noticed a deep troll
  7598 | D:10     | Noticed a yaktaur captain
  7599 | D:10     | Killed a deep troll
  7609 | D:10     | Killed a yaktaur captain
  7622 | D:10     | Reached skill level 10 in Fighting
  7668 | D:10     | Noticed a two-headed ogre
  7669 | D:10     | Noticed an eight-headed hydra
  7673 | D:10     | Killed a two-headed ogre
  7678 | D:10     | Killed a 13-headed hydra
  7802 | D:10     | Noticed a boulder beetle
  7810 | D:10     | Killed a boulder beetle
  7811 | D:10     | Reached skill level 15 in Polearms
  7917 | D:10     | Noticed a wizard
  7920 | D:10     | Killed a wizard
  7989 | D:10     | Noticed a boulder beetle
  8002 | D:10     | Killed a boulder beetle
  8003 | D:10     | Reached XP level 12. HP: 78/107 MP: 11/11
  8378 | D:10     | Found a shimmering blue altar of Sif Muna.
  8470 | D:10     | Found a staircase to the Lair.
  8894 | D:10     | Noticed a two-headed ogre
  8900 | D:10     | Killed a two-headed ogre
  9063 | Orc:1    | Entered Level 1 of the Orcish Mines
  9753 | Orc:1    | Reached skill level 16 in Polearms
 10073 | Orc:2    | Entered Level 2 of the Orcish Mines
 10148 | Orc:2    | Noticed an orc warlord
 10168 | Orc:2    | Killed an orc warlord
 10550 | Orc:2    | Found a staircase to the Elven Halls.
 10631 | Orc:2    | Noticed an orc high priest
 10663 | Orc:2    | Killed an orc high priest
 11149 | Orc:2    | Noticed an orc high priest
 11175 | Orc:2    | Noticed an orc high priest
 11177 | Orc:2    | Slain by a sixfirhy

Illustrated notes

Levels and vault maps discovered:
D:1:      denvon_arrival_planthouse, layout_rooms, serial_bayou_lagoon_b
D:2:      layout_loops_ring, dk_noncrumbling_4
D:3:      layout_basic, ebering_ecumenical_altar_sacrificial
D:4:      layout_loops_ring, grunt_temple_overflow_open,
          uniq_crazy_yiuf_cottage, uniq_pikel, uniq_grinder
D:5:      layout_loops_ring, mainiacjoe_overflow_catwalk_spiral, uniq_eustachio,
          uniq_edmund
D:6:      cheibrodos_thug_alley, layout_basic,
          worldfamousw_hep_ancestral_shrine, minmay_temple_entry_butterflies,
          uniq_sigmund, uniq_menkaure
D:7:      layout_cave_pools, minmay_misc_feat_iff, chequers_decorated_corner
D:8:      layout_loops_cross, overflow_temple_1_default, tso_metal_star,
          nicolae_shop_firing_range
D:9:      layout_basic, erik_orc_1
D:10:     nzn_winding_woodlands_large [nzn_winding_woodlands_hourglass,
          nzn_winding_woodlands_5x15_zeroes,
          nzn_winding_woodlands_5x5_closed_star,
          nzn_winding_woodlands_center_diamonds,
          nzn_winding_woodlands_15x15_boxy_spiral,
          nzn_winding_woodlands_center_pierced_h,
          nzn_winding_woodlands_5x5_three,
          nzn_winding_woodlands_5x15_lazy_stream,
          nzn_winding_woodlands_5x5_checkerboard], layout_basic, led_sif_book,
          david_lair_generic, enter_bailey_2, serial_glass, glass_columns_c,
          glass_columns_b
Orc:1:    layout_caves, nicolae_orc_flooded_monolith, minmay_orc_keep
Orc:2:    st_orc_mages, layout_diamond_mine, basic_altar, mines2_lemuel

Skill      XL: |  1  2  3  4  5  6  7  8  9 10 11 12 |
---------------+-------------------------------------+-----
Armour         | 4 5 6 8 9 11 12 13 | 13.5
Fighting       | 4 5 6 7 9 10 11 | 11.9
Shields        | 4 5 6 7 8 9 |  9.8
Axes           | 3 |  3.5
Dodging        | 1 2 |  2.5
Polearms       | 1 3 6 7 9 11 13 15 16 | 16.4
Stealth        | 1 |  1.9

Action                   |  1- 3 |  4- 6 |  7- 9 | 10-12 || total
-------------------------+-------+-------+-------+-------++-------
Melee: War axe           |    55 |       |       |       ||    55
       Headbutt          |    11 |     4 |    35 |   101 ||   151
       Halberd           |    31 |    59 |   223 |   543 ||   856
Invok: Call Merchant     |       |       |       |     1 ||     1
       Bribe Branch      |       |       |       |     1 ||     1
  Use: Scroll            |     6 |     5 |     9 |     5 ||    25
       Potion            |       |       |       |     6 ||     6
 Stab: Distracted        |       |       |     2 |     2 ||     4
Armor: Scale mail        |    32 |       |       |       ||    32
       Plate armour      |    15 |    51 |   186 |   403 ||   655
Dodge: Dodged            |    29 |    17 |    94 |   232 ||   372
Block: Kite shield       |    28 |       |       |       ||    28
       Buckler           |     1 |       |       |       ||     1
       Other             |     8 |    15 |    60 |   140 ||   223
       Reflection        |     1 |     1 |     3 |     7 ||    12

Table legend: (Time is in decaauts)
 A = Elapsed time spent in this place.
 B = Non-inter-level travel time spent in this place.
 C = Inter-level travel time spent in this place.
 D = Time resting spent in this place.
 E = Time spent auto-exploring this place.
 F = Levels seen in this place.
 G = Mean time per level.
                   A        B        C        D        E       F      G
               +--------+--------+--------+--------+--------+-----+--------+
         Total |  11163 |  10924 |    239 |   1346 |   5578 |  12 |  930.2 |
       Dungeon |   9272 |   9033 |    239 |    833 |   5153 |  10 |  927.2 |
  Orcish Mines |   1890 |   1890 |      0 |    513 |    424 |   2 |  945.0 |
               +--------+--------+--------+--------+--------+-----+--------+

Top non-repeatable levels by time:
    D:10: 1898 daAuts
     D:9: 1175 daAuts
   Orc:2: 1059 daAuts
     D:5: 998 daAuts
     D:8: 968 daAuts
     D:6: 861 daAuts
   Orc:1: 830 daAuts
     D:4: 820 daAuts
     D:1: 677 daAuts
     D:3: 660 daAuts
     D:2: 637 daAuts
     D:7: 574 daAuts
